 Dungeon Crawl Stone Soup version 0.27-a0-1322-gfdffb62a71 (webtiles) character file.

Game seed: 3659462261743221175

817 sanka the Insei (level 7, -7/50 HPs)
             Began as an Octopode Monk on June 22, 2021.
             Was a Believer of Okawaru.
             Mangled by Duvessa (12 damage)
             ... on level 6 of the Dungeon.
             The game lasted 00:06:23 (5828 turns).

sanka the Insei (Octopode Monk)                     Turns: 5828, Time: 00:06:24

Health: -7/50      AC:  1    Str: 11    XL:     7   Next: 94%
Magic:  6/8        EV: 22    Int: 12    God:    Okawaru [**....]
Gold:   348        SH:  0    Dex: 16    Spells: 6/6 levels left

rFire    . . .     SeeInvis .     - Unarmed
rCold    . . .     Faith    .   (no shield)
rNeg     . . .     Spirit   .   (helmet restricted)
rPois    .         Reflect  .   (no amulet)
rElec    .         Harm     .   h - +4 ring of evasion
rCorr    .         Rampage  .   r - ring of willpower
Will     +....                  (no ring)
Stlth    +++++.....             (no ring)
HPRegen  0.16/turn              (no ring)
MPRegen  0.11/turn              (no ring)
                                (no ring)
                                (no ring)

@: heroic
A: almost no armour, amphibious, 8 rings, camouflage 1, gelatinous body 1,
(nimble swimmer 1), tentacles
a: Renounce Religion, Heroism


You were on level 6 of the Dungeon.
You worshipped Okawaru.
Okawaru was pleased with you.
You visited 2 branches of the dungeon, and saw 7 of its levels.

You collected 348 gold pieces.


Innate Abilities, Weirdness & Mutations

You cannot wear most types of armour.
You are amphibious.
You can wear up to eight rings at the same time.
Your skin changes colour to match your surroundings (Stealth+).
Your rubbery body absorbs attacks. (AC +1, EV +1)
((You are camouflaged near water. (Stealth+)))
You have tentacles for arms and can constrict up to eight enemies at once.


   Skills:
 + Level 5.0(10.0) Fighting
 + Level 5.0(10.0) Dodging
 - Level 2.6(7.6) Stealth
 * Level 6.6(11.6) Unarmed Combat
 + Level 2.4 Invocations


You had 6 spell levels left.
You didn't know any spells.
Your spell library contained the following spells:

 Spells                   Type           Power      Damage    Failure   Level
 Animate Skeleton         Necr           0%         N/A       32%         1
 Apportation              Tloc           0%         N/A       32%         1
 Corona                   Hex            0%         N/A       32%         1
 Freeze                   Ice            0%         1d3       32%         1
 Summon Small Mammal      Summ           0%         N/A       32%         1
 Blink                    Tloc           N/A        N/A       45%         2
 Ensorcelled Hibernation  Hex/Ice        0%         N/A       45%         2
 Slow                     Hex            0%         N/A       45%         2
 Confusing Touch          Hex            0%         N/A       69%         3
 Dazzling Flash           Conj/Hex       0%         N/A       69%         3
 Frozen Ramparts          Ice            0%         1d2       69%         3
 Gell's Gravitas          Tloc           0%         N/A       69%         3
 Inner Flame              Hex/Fire       0%         N/A       69%         3
 Lesser Beckoning         Tloc           0%         N/A       69%         3
 Ozocubu's Armour         Ice            0%         N/A       69%         3
 Portal Projectile        Hex/Tloc       0%         N/A       69%         3
 Teleport Other           Tloc           0%         N/A       69%         3
 Tukima's Dance           Hex            0%         N/A       69%         3
 Cause Fear               Hex            0%         N/A       97%         4
 Hailstorm                Conj/Ice       0%         3d3       97%         4
 Leda's Liquefaction      Hex/Erth       0%         N/A       97%         4
 Manifold Assault         Tloc           0%         N/A       100%        5
 Metabolic Englaciation   Hex/Ice        0%         N/A       100%        5

Inventory:

Jewellery
 h - a +4 ring of evasion (left tentacle)
 i - a ring of ice
 r - a ring of willpower (right tentacle)
 s - a ring of ice
Wands
 l - a wand of polymorph (11)
 m - a wand of digging (5)
Scrolls
 b - 6 scrolls of identify {unknown}
 c - 2 scrolls of vulnerability {unknown}
 d - a scroll of enchant armour {unknown}
 f - 2 scrolls of fear {unknown}
 j - 3 scrolls of teleportation {unknown}
 k - a scroll of summoning {unknown}
 n - a scroll of enchant weapon {unknown}
 p - a scroll of blinking {unknown}
 q - a scroll of fog {unknown}
 u - a scroll of immolation {unknown}
Potions
 a - 2 potions of curing {unknown}
 e - a potion of might {unknown}
 g - 2 potions of degeneration {unknown}
 o - 2 potions of brilliance {unknown}
 t - a potion of haste {unknown}

Dungeon Overview and Level Annotations

Branches:
Dungeon (6/15)             Temple (1/1) D:5

Altars:
Cheibriados
Fedhas
Okawaru
Yredelemnul

Shops:
D:2 [

Annotations:
D:6 Dowan, Duvessa

▒▒▒▒▒▒▒▒▒▒▒▒▒▒▒▒▒▒▒▒▒▒▒▒▒▒▒
..........#ex........>....▒
..▒▒▒▒▒.▒▒▒▒▒e▒▒▒▒..▒▒▒▒▒.▒
▒▒▒▒▒.▒ ▒.........▒ ▒.▒
.▒▒.▒.....▒▒▒....▒▒...▒ ▒.▒
.......e..............▒ ▒.▒
..e.e............▒....▒ ▒.▒
....£.▒▒▒.▒......▒....▒▒
▒.▒ ...... ^).............▒
▒.▒ ▒....
▒..............▒▒▒▒.▒


You could see Duvessa (fast) and Dowan.


Message History

You tentacle-slap Duvessa but do no damage.
You grab Duvessa.
Duvessa is moderately wounded.
Duvessa hits you with a +0 short sword! Duvessa hits you with a +0 short sword!
* * * LOW HITPOINT WARNING * * *
You tentacle-slap Duvessa but do no damage.
Duvessa is moderately wounded.
Dowan says, "My weaknesses are her strengths!"
Dowan casts a spell.
Dowan blinks!
Duvessa hits you with a +0 short sword.
* * * LOW HITPOINT WARNING * * *
Unknown command.
Okay, then.
Use which ability? (? or * to list)
You gain the combat prowess of a mighty hero.
You constrict Duvessa. Duvessa closely misses you.
You bludgeon Duvessa!
Duvessa is heavily wounded.
You constrict Duvessa. Duvessa barely misses you.
Duvessa hits you with a +0 short sword!
* * * LOW HITPOINT WARNING * * *
You tentacle-slap Duvessa.
Duvessa is severely wounded.
You constrict Duvessa. Duvessa hits you with a +0 short sword!
You die...

Action                   |  1- 3 |  4- 6 |  7- 9 || total
-------------------------+-------+-------+-------++-------
Melee: Unarmed           |    89 |   124 |    59 ||   272
       Constrict         |    23 |    31 |    16 ||    70
       Tentacles         |    11 |    16 |    11 ||    38
       Punch             |     1 |     1 |     3 ||     5
Invok: Heroism           |       |     1 |     1 ||     2
 Stab: Sleeping          |    12 |    12 |     1 ||    25
       Distracted        |     1 |       |       ||     1
Armor: Skin              |     2 |     3 |     1 ||     6
Dodge: Dodged            |    64 |    69 |    37 ||   170

Levels and vault maps discovered:
D:1:      heliophobic_arrival_glass_houses, layout_loops_ring,
          basic_ecumenical_altar
D:2:      wander_river, layout_basic, serial_forest,
          infiniplex_forest_clump_curved, infiniplex_forest_lined_room_2,
          infiniplex_forest_zigzag_1, infiniplex_forest_straight_2,
          infiniplex_forest_clump_tiny, infiniplex_forest_end_1,
          infiniplex_forest_3_way, serial_shops, shop_statue,
          guppyfry_early_orc_mine
D:3:      layout_basic
D:4:      layout_rooms
D:5:      layout_basic, minmay_temple_entry_arrows
D:6:      layout_basic, uniq_duvessa
Temple:   nicolae_temple_the_god_donut

Notes
Turn   | Place    | Note
-------+----------+-------------------------------------------
     0 | D:1      | sanka the Octopode Monk began the quest for the Orb.
     0 | D:1      | Reached XP level 1. HP: 16/16 MP: 1/1
   216 | D:1      | Reached XP level 2. HP: 12/21 MP: 2/2
   584 | D:1      | Found a faded altar of an unknown god.
   972 | D:1      | Reached XP level 3. HP: 26/26 MP: 3/3
  1529 | D:2      | Reached skill level 4 in Unarmed Combat
  1538 | D:2      | Reached XP level 4. HP: 11/31 MP: 4/4
  2356 | D:2      | Found Teosh's Armour Emporium.
  2885 | D:3      | Reached XP level 5. HP: 37/37 MP: 5/5
  3549 | D:4      | Reached skill level 4 in Fighting
  3549 | D:4      | Reached skill level 4 in Dodging
  3549 | D:4      | Reached skill level 5 in Unarmed Combat
  3549 | D:4      | Reached XP level 6. HP: 39/43 MP: 6/6
  4223 | D:5      | Entered Level 5 of the Dungeon
  4235 | D:5      | Found a staircase to the Ecumenical Temple.
  4250 | Temple   | Entered the Ecumenical Temple
  4254 | Temple   | Became a worshipper of Warmaster Okawaru
  4254 | Temple   | Reached * piety under Okawaru
  4254 | Temple   | Reached ** piety under Okawaru
  4509 | D:5      | Reached skill level 1 in Invocations
  4509 | D:5      | Reached XP level 7. HP: 35/49 MP: 5/7
  4630 | D:5      | Reached skill level 6 in Unarmed Combat
  5143 | D:5      | Reached skill level 2 in Invocations
  5176 | D:5      | Reached skill level 5 in Fighting
  5310 | D:5      | Reached skill level 5 in Dodging
  5464 | D:5      | Identified the +2 cloak of the Cuttlefish {+Inv rPois rF-
                  | Int-4}
  5808 | D:6      | Noticed Duvessa
  5808 | D:6      | Noticed Dowan
  5827 | D:6      | HP: 5/50 [Duvessa (12)]
  5828 | D:6      | Mangled by Duvessa

Vanquished Creatures
  A phantom (D:5)
  A bullfrog (D:4)
  4 scorpions
  2 orc priests (D:5)
  2 jellies
  2 bullfrog skeletons (D:5)
  2 orc wizards (D:5)
  2 hound skeletons
  6 adders
  A white imp (D:6)
  4 worms
  A dart slug (D:2)
  11 orcs
  5 ball pythons
  4 bats
  3 endoplasms
  A giant cockroach (D:3)
  9 goblins
  10 hobgoblins
  10 jackals
  7 quokkas
  3 frilled lizards
  7 kobolds
  6 rats
104 creatures vanquished.
